 Dungeon Sprint DCSS version 0.19-a0-1908-g43c011f (webtiles) character file.

2 esc the Firebug (level 1, 0/11 HPs)
             Began as a Deep Elf Fire Elementalist on Oct 22, 2016.
             Slain by a bat (1 damage)
             ... in the Dungeon (Sprint IX: "|||||||||||||||||||||||||||||").
             The game lasted 00:00:19 (14 turns).

esc the Firebug (Deep Elf Fire Elementalist)          Turns: 14, Time: 00:00:20

Health: 0/11       AC:  2    Str:  5    XL:     1   Next: 25%
Magic:  0/6        EV: 13    Int: 19    God:
Gold:   0          SH:  0    Dex: 15    Spells: 1 memorised, 5 levels left

rFire  . . .     SeeInvis .     (no weapon)
rCold  . . .     Gourm    .     a - +0 robe
rNeg   . . .     Faith    .     (no shield)
rPois  .         Spirit   .     (no helmet)
rElec  .         Reflect  .     (no cloak)
rCorr  .         Harm     .     (no gloves)
MR     .....     NoTele   +     (no boots)
Stlth  ++........               (no amulet)
                                (no ring)
                                (no ring)

@: no status effects
A: no striking features
a: no special abilities


You were in the Dungeon.
You were not hungry.

You visited 1 branch

Inventory:

Armour
 a - a +0 robe (worn)
Scrolls
 i - a scroll of blinking {!r}
Potions
 d - a potion of curing
 e - a potion of heal wounds
 f - a potion of haste
 g - 2 potions of magic
 h - a potion of berserk rage {!q}
Books
 b - a book of Flames
Comestibles
 c - a bread ration {@e1}


   Skills:
 + Level 0.4 Fighting
 + Level 2.6 Dodging
 + Level 2.7 Stealth
 + Level 3.3 Spellcasting
 + Level 1.5 Conjurations
 + Level 3.4 Fire Magic


You had 5 spell levels left.
You knew the following spells:

 Your Spells              Type           Power        Failure   Level  Hunger
a - Flame Tongue          Conj/Fire      ##...        8%          1    None


Dungeon Overview and Level Annotations

Branches:
Dungeon (1/1)

Altars:


Message History

Welcome, esc the Deep Elf Fire Elementalist.
Found a staircase leading out of the dungeon.
You open the door.
A bat, 2 goblins, a hobgoblin and a kobold come into view.
The goblin shouts!
The hobgoblin shouts!
The kobold shouts!
You closely miss the kobold. The kobold completely misses you.
You completely miss the kobold. The kobold hits you with a short sword.
You take 1 damage, and have 9/10 hp.
You barely miss the kobold. The kobold misses you.
You hit the kobold but do no damage. The kobold hits you with a short sword.
You take 4 damage, and have 5/10 hp.
MASSIVE DAMAGE!!
Aim: a kobold, wielding a short sword The flame tongue hits the kobold.
You kill the kobold!
You now have 5/6 mp.
You closely miss the hobgoblin.
The hobgoblin hits you but does no damage.
Aim: a hobgoblin, wielding a club The flame tongue hits the hobgoblin.
The hobgoblin hits you with a club.
* * * LOW HITPOINT WARNING * * *
You take 3 damage, and have 2/10 hp.
MASSIVE DAMAGE!!
You now have 4/6 mp.
Aim: a hobgoblin, wielding a club (moderately wounded)
The flame tongue misses the hobgoblin.
The hobgoblin hits you but does no damage.
You now have 3/6 mp.
Aim: a hobgoblin, wielding a club (moderately wounded)
The flame tongue hits the hobgoblin.
The hobgoblin closely misses you.
You now have 2/6 mp.
Aim: a hobgoblin, wielding a club (heavily wounded)
The flame tongue misses the hobgoblin.
The hobgoblin hits you with a club.
* * * LOW HITPOINT WARNING * * *
You take 1 damage, and have 1/10 hp.
You now have 1/6 mp.
Unknown command.
Aim: a hobgoblin, wielding a club (heavily wounded)
The flame tongue hits the hobgoblin.
You kill the hobgoblin!
The bat hits you.
You die...

▓+▓
▓.▓
▓.▓
▓g▓
▓g▓
▓.▓
▓b▓
▓@▓
▓.▓
▓.▓
▓<▓
▓▓▓


You could see 2 goblins and a bat.

Vanquished Creatures
  A hobgoblin (D)
  A kobold (D)
2 creatures vanquished.

Notes
Turn   | Place    | Note
-------+----------+-------------------------------------------
     0 | D        | esc the Deep Elf Fire Elementalist began the quest for the Orb.
     0 | D        | Reached XP level 1. HP: 10/10 MP: 6/6
    10 | D        | HP: 2/10 [hobgoblin/club (3)]
    14 | D        | Slain by a bat

Vault maps used:
D:        linesprint

Action                   || total
-------------------------++-------
Melee: Unarmed           ||     5
 Cast: Flame Tongue      ||     6
Dodge: Dodged            ||     3

Vault maps used:
D:        linesprint

Table legend:
 A = Turns spent in this place as a percentage of turns spent in the entire game.
 B = Non-inter-level travel turns spent in this place as a percentage of non-inter-level travel turns spent in the entire game.
 C = Inter-level travel turns spent in this place as a percentage of turns spent in this place.
 D = Turns resting spent in this place as a percentage of non-inter-level travel turns spent in this place.
 E = Turns spent auto-exploring this place as a percentage of non-inter-level travel turns spent in this place.
 F = Non-inter-level travel turns spent in this place divided by the number of levels of this place that you've seen.
                   A       B       C       D       E      F
               +-------+-------+-------+-------+-------+----------------------
         Total | 100.0 | 100.0 |   0.0 |   0.0 |   0.0 |  16.0
       Dungeon | 100.0 | 100.0 |   0.0 |   0.0 |   0.0 |  16.0
               +-------+-------+-------+-------+-------+----------------------

Table legend:
 A = Kills in this place as a percentage of kills in entire the game.
 B = Kills by you in this place as a percentage of kills by you in the entire game.
 C = Kills by friends in this place as a percentage of kills by friends in the entire game.
 D = Other kills in this place as a percentage of other kills in the entire game.
 E = Experience gained in this place as a percentage of experience gained in the entire game.
 F = Experience gained in this place divided by the number of levels of this place that you have seen.
                   A       B       C       D       E      F
               +-------+-------+-------+-------+-------+----------------------
         Total | 100.0 | 100.0 |  -nan |  -nan | 100.0 |   3.0
       Dungeon | 100.0 | 100.0 |  -nan |  -nan | 100.0 |   3.0
               +-------+-------+-------+-------+-------+----------------------
